AoeStats
← SHAKUR

Arabia

510236052Analyzed
1v1 RM · 3d ago on Sep 30, 2026· 42m 45s· 2 players
Game mode
Random Map
Map size
Tiny (2 player)
Population
200
Speed
Normal
Resources
Standard
Victory
Conquest
Starting age
Dark Age
Ending age
Imperial Age
RankedLock teamsTeams togetherTeam positionsShared explorationLock speedFull tech treeHidden civsTurbo modeCheats
Victory
Defeat
🇦🇷 Lithuanians · Argentina
1118
+16
🇺🇸 Japanese · United States
1110
-16
Φ
7:42 Loom
9:58 Feudal Age
10:07 Man-at-Arms
10:55 Double-Bit Axe
11:46 Horse Collar
20:44 Castle Age
19:50 Fletching
21:17 Gold Mining
21:38 Bloodlines
21:45 Husbandry
21:42 Bodkin Arrow
22:31 Light Cavalry
23:31 Padded Archer Armor
26:56 Town Watch
28:02 Ballistics
29:44 Fervor
29:55 Sanctity
30:58 Redemption
31:39 Wheelbarrow
31:22 Thumb Ring
32:26 Scale Barding Armor
32:31 Forging
32:39 Leather Archer Armor
34:27 Heavy Plow
36:28 Treadmill Crane
37:03 Scale Barding Armor
37:09 Forging
38:06 Town Patrol
40:54 Imperial Age
42:11 Elite Samurai
SHAKUR
6:51 Loom
9:11 Feudal Age
9:53 Double-Bit Axe
11:09 Town Watch
12:49 Wheelbarrow
13:48 Horse Collar
19:48 Gold Mining
22:12 Castle Age
21:09 Fletching
21:35 Bloodlines
22:35 Elite Skirmisher
24:33 Padded Archer Armor
27:16 Husbandry
27:25 Scale Barding Armor
28:14 Gold Mining
31:37 Stone Mining
32:45 Bow Saw
32:35 Heavy Plow
34:27 Leather Archer Armor
35:03 Ballistics
35:22 Stone Shaft Mining
39:13 Imperial Age
38:20 Forging
38:43 Bodkin Arrow
39:11 Chain Barding Armor
38:52 Bodkin Arrow
40:04 Cavalier
41:33 Conscription
Connection lost

Rejoining the realm…

Still unreachable

The connection could not be restored.

Session expired

The server has moved on; the page needs a fresh start.